 Dungeon Crawl Stone Soup version 0.31-a0-149-g3fdcc5976a (webtiles) character file.

Game seed: 15469886361865012594

87 qw the Shooter (level 4, -1/38 HPs)
             Began as a Minotaur Hunter on June 7, 2023.
             Slain by an orc wizard
             ... wielding a +0 dagger
              (2 damage)
             ... on level 2 of the Dungeon.
             The game lasted 00:00:28 (1004 turns).

qw the Shooter (Minotaur Hunter)                    Turns: 1004, Time: 00:00:28

Health: -1/38      AC:  3    Str: 15    XL:     4   Next: 28%
Magic:  3/3        EV: 12    Int:  6    God:
Gold:   56         SH:  0    Dex: 16    Spells: 3/3 levels left

rFire   . . .        Y - +0 shortbow
rCold   . . .        (shield currently unavailable)
rNeg    . . .        c - +0 leather armour
rPois   .            (helmet restricted)
rElec   .            (no cloak)
rCorr   .            (no gloves)
SInv    .            (no boots)
Will    .....        (no amulet)
Stlth   +            (no ring)
HPRegen 0.26/turn    (no ring)
MPRegen 0.08/turn

%: no passive effects
@: no status effects
A: horns 2, retaliatory headbutt
a: no special abilities


You were on level 2 of the Dungeon.
You visited 1 branch of the dungeon, and saw 2 of its levels.

You collected 56 gold pieces.


Innate Abilities, Weirdness & Mutations

You have a pair of horns on your head.
You reflexively headbutt those who attack you in melee.


   Skills:
 + Level 3.0 Fighting
 - Level 6.1 Ranged Weapons
 - Level 2.1 Dodging
 - Level 0.7 Stealth


You had 3 spell levels left.
You didn't know any spells.
Your spell library was empty.

Inventory:

Hand Weapons
 Y - a +0 shortbow (weapon)
Armour
 c - a +0 leather armour (worn)
Jewellery
 a - a +4 ring of protection
Potions
 d - a potion of curing {unknown}

Dungeon Overview and Level Annotations

Branches:
Dungeon (2/15)

Altars:
Makhleb


Message History

The orc is heavily wounded.
The orc barely misses you. The orc hits you with a +0 dagger.
You shoot an arrow. The arrow hits the orc!
You kill the orc!
You hear a shout!
The orc misses you.
You shoot an arrow. The arrow closely misses the orc.
The orc barely misses you.
You shoot an arrow. The arrow hits the orc.
The orc is severely wounded.
The orc hits you but does no damage. The orc barely misses you.
You shoot an arrow. The arrow hits the orc.
You kill the orc!
The orc priest calls down the wrath of Beogh upon you.
Beogh smites you!
You shoot an arrow. The arrow hits the orc priest.
The orc priest is lightly wounded.
The orc wizard casts a spell.
The orc wizard flickers and vanishes!
Deactivating autopickup; reactivate with Ctrl-A.
The orc priest hits you with a +0 flail.
You shoot an arrow. The arrow hits the orc priest!
The orc priest is severely wounded.
A magic dart appears from out of thin air!
The magic dart hits you.
The orc priest mumbles some strange prayers to Beogh against you.
Beogh smites you!
You shoot an arrow. The arrow hits the orc priest.
You kill the orc priest!
Your Ranged Weapons skill increases to level 6!
You have reached level 4!
You feel agile.
You shoot an arrow. The arrow hits the orc.
The orc is almost dead.
Something hits you but does no damage. The orc barely misses you.
You shoot an arrow. The arrow hits the orc.
You kill the orc!
Something hits you.
You shoot an arrow. Something hits you.
You die...

##..... .....#. #..# .o.....
#...# .o...=. #...# ###.......
#.... ##.........#. #...#
##...#####.... .
#...###..)#.......## ###
###.###........)@.####...###...
#.........<......## #........#
..................###.......#
#........................_%.#
.................<..........###
.................#####........###
#........................###..[.
#........(.....#.........[#####
###.....##.......#..........##.>.


There were no monsters in sight!

Vanquished Creatures
  An orc priest (D:2)
  2 adders (D:2)
  3 orcs (D:2)
  A ball python (D:2)
  4 endoplasms
  2 giant cockroaches (D:1)
  A goblin (D:1)
  6 hobgoblins (D:1)
  2 jackals (D:1)
  2 quokkas (D:2)
  2 bats (D:1)
  2 frilled lizards
  4 kobolds
  2 rats
34 creatures vanquished.

Notes
Turn   | Place    | Note
-------+----------+-------------------------------------------
     0 | D:1      | qw the Minotaur Hunter began the quest for the Orb.
     0 | D:1      | Reached XP level 1. HP: 18/18 MP: 0/0
     0 | D:1      | 0 ||| qw: Version: 0.2-a-117-gc6b5c8b
     0 | D:1      | 0 ||| qw: Game counter: 2652
     0 | D:1      | 0 ||| qw: Always use a shield: true
     0 | D:1      | 0 ||| qw: God list: Okawaru
     0 | D:1      | 0 ||| qw: Allow faded altars: false
     0 | D:1      | 0 ||| qw: Do Orc after D:15 true
     0 | D:1      | 0 ||| qw: Do second Lair branch before Depths: true
     0 | D:1      | 0 ||| qw: Lair rune preference: random
     0 | D:1      | 0 ||| qw: Plans: Normal
     0 | D:1      | 0 ||| PLANNING D:1-11
   195 | D:1      | Reached XP level 2. HP: 25/25 MP: 1/1
   232 | D:1      | Reached skill level 5 in Ranged Weapons
   269 | D:1      | 269 ||| FLEEEEING.
   270 | D:1      | 270 ||| FLEEEEING.
   271 | D:1      | 271 ||| FLEEEEING.
   272 | D:1      | 272 ||| FLEEEEING.
   273 | D:1      | 273 ||| FLEEEEING.
   275 | D:1      | Found a faded altar of an unknown god.
   490 | D:1      | Reached skill level 3 in Fighting
   705 | D:1      | 705 ||| READING scroll labelled ONOQOOH VOCUT.
   706 | D:1      | 706 ||| READING scroll labelled MAJESI ZYUT.
   707 | D:1      | 707 ||| DROPPING scroll of butterflies.
   741 | D:2      | Reached XP level 3. HP: 31/31 MP: 2/2
   863 | D:2      | Found a burning altar of Makhleb.
   985 | D:2      | 985 ||| Stepping ~*~*~tactically~*~*~ (outnumbered).
   988 | D:2      | 988 ||| Stepping ~*~*~tactically~*~*~ (outnumbered).
   990 | D:2      | 990 ||| FLEEEEING.
   992 | D:2      | 992 ||| Stepping ~*~*~tactically~*~*~ (outnumbered).
  1000 | D:2      | HP: 1/31 [orc priest/divine providence (9)]
  1002 | D:2      | Reached skill level 6 in Ranged Weapons
  1002 | D:2      | Reached XP level 4. HP: 1/38 MP: 3/3
  1004 | D:2      | Slain by an orc wizard

Levels and vault maps discovered:
D:1:      dpeg_arrival_shrine, layout_loops_cross,
          shapermc_ecumenical_altar_rom_forum, amcnicky_mini_corridor_feature,
          hangedman_decor_opposing, chequers_serial_rivers_micro_e
D:2:      layout_rooms, basic_altar, serial_curves, eino_curves_02,
          eino_curves_02, grunt_ministairs_15, minmay_misc_feat_hallway

Skill      XL: |  1  2  3 |
---------------+----------+-----
Ranged Weapons | 5 6 |  6.1
Fighting       | 3 |  3.0
Dodging        | |  2.1
Stealth        | |  0.7

Action                     |  1- 3 |  4- 6 || total
---------------------------+-------+-------++-------
   Fire: Shortbow          |   111 |     3 ||   114
    Use: Scroll            |     2 |       ||     2
 Armour: Leather armour    |    10 |     1 ||    11
  Dodge: Dodged            |    33 |     1 ||    34

Table legend:
 A = Non-vault XP
 B = Vault XP
 C = Vault XP percentage of total XP
 D = Non-vault monster count
 E = Vault monster count
 F = Vault count percentage of total count
                 A         B        C        D         E       F
            +---------+---------+-------+---------+---------+-------
      Total |     125 |       0 |   0.0 |      34 |       0 |   0.0
            +---------+---------+-------+---------+---------+-------
        D:1 |      36 |       0 |   0.0 |      21 |       0 |   0.0
        D:2 |      89 |       0 |   0.0 |      13 |       0 |   0.0
            +---------+---------+-------+---------+---------+-------
